Get step-by-step instructions on how to execute this build order below. Start the game timer, and the build order will tick by so you can play in parallel with StarCraft on a second screen or mobile device.

Game Time

  0:00

Last Step

  N/A

Next Step

  12  0:00  Drone  

Upcoming Step

  13  0:12  Overlord  

Don't want to look back and forth between 2 screens? Try out our Overwolf App, the Spawning Tool Build Advisor to get an in-game overlay with this build!

Complete Build Order

  12  0:00  Drone  
  13  0:12  Overlord  
  13  0:16  Drone  
  14  0:31  Drone x2  
  16  0:49  Hatchery  
  15  0:51  Drone  
  15  0:54  Drone  
  17  0:58  Drone  
  18  1:09  Extractor  
  17  1:14  Spawning Pool  
  17  1:17  Drone  
  17  1:20  Drone  
  18  1:28  Drone  
  19  1:40  Drone  
  20  1:53  Drone  
  21  2:01  Queen x2  
  21  2:04  Drone  
  26  2:09  Overlord  
  26  2:14  Drone x2  
  28  2:20  Metabolic Boost  
  28  2:29  Hatchery  
  27  2:31  Drone  
  27  2:34  Zergling x2  
  29  2:41  Queen  
  31  2:44  Drone  
  31  2:48  Overlord  
  32  2:51  Drone  
  32  2:55  Drone x2  
  35  2:59  Drone  
  36  3:09  Drone  
  36  3:10  Drone x4  
  41  3:17  Queen  
  43  3:22  Pneumatized Carapace  
  43  3:24  Zergling x2  
  43  3:27  Overlord  
  43  3:31  Overlord  
  43  3:41  Zergling x2  
  43  3:42  Zergling x2, Queen  
  43  3:43  Drone  
  43  3:46  Zergling x6  
  51  3:51  Drone x2  
  51  3:52  Zergling x2  
  51  3:54  Zergling x2  
  55  3:57  Queen  
  57  4:04  Drone x2  
  57  4:05  Drone x2  
  57  4:08  Drone  
  62  4:14  Overlord  
  62  4:15  Drone  
  63  4:18  Drone  
  61  4:24  Spore Crawler  
  61  4:26  Drone x5  
  61  4:31  Overlord  
  65  4:32  Evolution Chamber x2, Extractor  
  65  4:35  Drone  
  65  4:37  Drone  
  64  4:38  Drone  
  64  4:45  Drone x3  
  68  4:47  Overlord  
  68  4:50  Drone x2  
  68  4:51  Drone  
  68  4:52  Drone  
  72  4:58  Overlord  
  72  4:59  Drone x2  
  74  5:05  Zerg Ground Armor Level 1  
  74  5:08  Overlord  
  74  5:09  Drone x2  
  74  5:10  Drone x2  
  74  5:13  Drone x3  
  81  5:15  Zerg Melee Weapons Level 1  
  81  5:17  Extractor x2  
  81  5:19  Drone x2  
  81  5:20  Drone  
  82  5:24  Drone x2  
  82  5:25  Drone  
  85  5:32  Drone x2, Lair  
  85  5:33  Drone  
  88  5:40  Extractor  
  88  5:41  Baneling Nest  
  88  5:42  Drone  
  87  5:45  Overlord  
  87  5:46  Zergling x4  
  87  5:47  Hatchery  
  87  5:48  Zergling x2  
  87  5:49  Zergling x2  
  90  5:51  Zergling x4  
  90  5:52  Zergling x2  
  90  5:54  Overlord  
  92  5:57  Overlord  
  92  5:59  Overlord  
  92  6:01  Overlord  
  92  6:03  Overlord  
  92  6:07  Zergling x4  
  92  6:10  Overlord  
  94  6:13  Zergling x8  
  98  6:20  Queen  
  98  6:23  Zergling x10  
  102  6:30  Zergling x2  
  95  6:33  Queen x2  
  95  6:37  Zergling x10  
  98  6:41  Drone  
  98  6:42  Drone  
  98  6:43  Drone  
  98  6:46  Drone  
  101  6:47  Drone  
  101  6:48  Drone  
  101  6:51  Drone  
  101  6:54  Drone  
  101  6:57  Drone  
  101  6:59  Drone  
  104  7:03  Drone x2  
  104  7:04  Baneling x4  
  104  7:05  Drone  
  104  7:07  Queen  
  109  7:12  Zergling x4  
  111  7:19  Zergling x8  
  111  7:20  Overlord  
  111  7:21  Zergling x2  
  111  7:25  Drone  
  111  7:27  Drone  
  107  7:32  Zergling x2  
  107  7:33  Zergling x8  
  94  7:38  Zergling x2  
  94  7:39  Zergling x8  
  94  7:45  Zergling x10  
  98  7:57  Hatchery